AoeStats
← Reis

Arena

505847356Analyzed
4v4 RM · 22d ago on Sep 11, 2026· 35m 24s· 8 players
Game mode
Random Map
Map size
Large (8 player)
Population
200
Speed
Normal
Resources
Standard
Victory
Conquest
Starting age
Dark Age
Ending age
Imperial Age
RankedLock teamsTeams togetherTeam positionsShared explorationLock speedFull tech treeHidden civsTurbo modeCheats
Victory
Defeat
🇻🇳 Berbers · Vietnam
1649
+5
🇨🇳 Georgians · China
1501
+10
🇧🇪 Khmer · Belgium
1473
+11
🇨🇭 Bulgarians · Switzerland
1424
+12
🇩🇪 Goths · Germany
1407
-11
🇩🇪 Vikings · Germany
1405
-11
🇩🇪 Spanish · Germany
1320
-8
🇩🇪 Italians · Germany
1309
-8
[Fx、]AirDk
10:37 Feudal Age
14:21 Castle Age
12:10 Double-Bit Axe
12:31 Horse Collar
25:20 Wheelbarrow
29:30 Imperial Age
26:52 Loom
27:00 Gold Mining
27:24 Treadmill Crane
28:03 Hand Cart
27:59 Forging
28:00 Bow Saw
27:42 Stone Mining
28:21 Heavy Plow
28:32 Scale Barding Armor
29:15 Iron Casting
28:37 Town Watch
29:32 Chain Barding Armor
30:55 Plate Barding Armor
31:32 Blast Furnace
31:11 Crop Rotation
31:24 Conscription
31:13 Aznauri Cavalry
30:31 Elite Monaspa
31:56 Aznauri Cavalry
32:22 Fletching
33:34 Chemistry
32:40 Siege Engineers
32:55 Ballistics
32:46 Masonry
32:32 Murder Holes
32:28 Guard Tower
33:02 Bodkin Arrow
34:24 Coinage
34:09 Bracer
35:05 Hoardings
34:38 Svan Towers
Reis
9:58 Feudal Age
14:35 Castle Age
13:43 Loom
14:09 Scale Barding Armor
19:01 Fletching
28:51 Bodkin Arrow
31:56 Double-Bit Axe
35:06 Bow Saw
belgawizard
10:47 Feudal Age
10:33 Loom
12:20 Double-Bit Axe
15:13 Castle Age
13:31 Horse Collar
16:26 Bow Saw
22:46 Wheelbarrow
23:34 Gold Mining
24:20 Heavy Plow
28:44 Imperial Age
26:59 Bloodlines
27:30 Husbandry
28:01 Scale Barding Armor
28:50 Hand Cart
29:19 Chain Barding Armor
30:29 Plate Barding Armor
31:15 Conscription
31:57 Forging
32:05 Town Watch
33:02 Elite Battle Elephant
35:09 Iron Casting
35:09 Light Cavalry
Tam nsnd
10:51 Feudal Age
14:48 Castle Age
13:27 Double-Bit Axe
15:47 Bow Saw
17:07 Loom
17:40 Fletching
20:36 Bodkin Arrow
21:02 Horse Collar
22:09 Town Watch
24:17 Ballistics
27:07 Heavy Plow
28:36 Wheelbarrow
32:26 Imperial Age
31:00 Gold Mining
31:00 Stone Mining
32:32 Hand Cart
33:05 Gold Shaft Mining
32:43 Padded Archer Armor
33:16 Bracer
34:18 Chemistry
33:55 Conscription
35:21 Maghrebi Camels
35:25 Kasbah
35:58 Crop Rotation
36:10 Leather Archer Armor
KickersEmden_AoE
11:13 Feudal Age
15:19 Castle Age
13:51 Double-Bit Axe
14:15 Horse Collar
16:17 Loom
23:39 Padded Archer Armor
KIV.4dd44
6:28 Loom
11:10 Feudal Age
15:12 Castle Age
13:47 Horse Collar
13:56 Double-Bit Axe
16:31 Bow Saw
16:26 Heavy Plow
21:07 Gold Mining
26:43 Imperial Age
24:31 Stone Mining
25:12 Ballistics
26:31 Crossbowman
27:25 Fletching
28:37 Chemistry
28:18 Bodkin Arrow
28:29 Padded Archer Armor
28:46 Arbalester
29:42 Bracer
31:58 Leather Archer Armor
32:06 Masonry
Ghost
11:00 Feudal Age
15:39 Castle Age
15:20 Double-Bit Axe
15:16 Horse Collar
18:15 Fletching
20:26 Bodkin Arrow
23:22 Imperial Age
21:43 Bodkin Arrow
23:04 Town Watch
23:10 Loom
34:21 Wheelbarrow
34:09 Bow Saw
34:31 Heavy Plow
35:15 Stone Mining
35:16 Gold Mining
Dekodie
11:17 Feudal Age
12:37 Double-Bit Axe
15:15 Castle Age
15:18 Horse Collar
17:10 Bow Saw
21:39 Loom
23:09 Wheelbarrow
23:05 Heavy Plow
22:55 Gold Mining
28:12 Imperial Age
25:44 Scale Mail Armor
26:26 Forging
27:20 Chain Mail Armor
26:33 Pikeman
27:13 Squires
29:42 Iron Casting
30:14 Chemistry
29:18 Perfusion
29:38 Conscription
29:21 Halberdier
31:17 Elite Huskarl
34:43 Blast Furnace
33:31 Man-at-Arms
Connection lost

Rejoining the realm…

Still unreachable

The connection could not be restored.

Session expired

The server has moved on; the page needs a fresh start.